 Dungeon Crawl Stone Soup version 0.29.1-13-g9f3cf754e1 (webtiles) character file.

Game seed: 8875724157004896428

397 Thatpatchoflichen the Chopper (level 6, 0/53 HPs)
             Began as a Hill Orc Gladiator on Jan 28, 2023.
             Slain by a gnoll
             ... wielding a +0 halberd of venom
              (5 damage)
             ... on level 3 of the Dungeon.
             The game lasted 00:06:39 (3301 turns).

Thatpatchoflichen the Chopper (Hill Orc Gladiator)  Turns: 3301, Time: 00:06:40

Health: 0/53       AC: 10    Str: 19    XL:     6   Next: 83%
Magic:  6/6        EV:  8    Int:  8    God:
Gold:   178        SH:  0    Dex: 12    Spells: 5/5 levels left

rFire   . . .      SeeInvis .   a - +0 war axe
rCold   . . .      Faith    .   (no shield)
rNeg    . . .      Spirit   .   n - +0 chain mail
rPois   .          Reflect  .   c - +0 helmet
rElec   .          Harm     .   (no cloak)
rCorr   .          Rampage  .   (no gloves)
Will    .....                   (no boots)
Stlth   ..........              (no amulet)
HPRegen 0.17/turn               (no ring)
MPRegen 0.10/turn               (no ring)

@: lethally poisoned (0 -> -8)
A: no striking features
a: no special abilities


You were on level 3 of the Dungeon.
You visited 1 branch of the dungeon, and saw 4 of its levels.

You collected 178 gold pieces.

Inventory:

Hand Weapons
 a - a +0 war axe (weapon)
Missiles
 d - 3 throwing nets (quivered)
 e - a javelin
Armour
 b - a +0 leather armour
 c - a +0 helmet (worn)
 n - a +0 chain mail (worn)
Wands
 u - a wand of paralysis (5)
Scrolls
 h - 2 scrolls of vulnerability {unknown}
 j - a scroll of teleportation {unknown}
 k - a scroll of blinking {unknown}
 m - 3 scrolls of enchant armour {unknown}
 o - a scroll of immolation {unknown}
 p - a scroll of enchant weapon {unknown}
 q - a scroll of noise {unknown}
 s - a scroll of fear {unknown}
 v - a scroll of identify {unknown}
Potions
 f - a potion of ambrosia {unknown}
 g - a potion of invisibility {unknown}
 i - a potion of degeneration {unknown}
 l - 3 potions of mutation {unknown}
 r - a potion of resistance {unknown}
 t - 2 potions of flight {unknown}


   Skills:
 + Level 4.4 Fighting
 + Level 5.7 Axes
 - Level 1.7 Throwing
 * Level 4.1 Armour
 + Level 3.5 Dodging


You had 5 spell levels left.
You didn't know any spells.
Your spell library contained the following spells:

 Spells                   Type           Power      Damage    Failure   Level
 Frozen Ramparts          Ice            0%         1d1       100%        3
 Lesser Beckoning         Tloc           0%         N/A       100%        3
 Portal Projectile        Hex/Tloc       0%         N/A       100%        3
 Tukima's Dance           Hex            0%         N/A       100%        3
 Ice Form                 Ice/Tmut       0%         N/A       100%        4
 Summon Ice Beast         Ice/Summ       0%         N/A       100%        4
 Blade Hands              Tmut           0%         N/A       100%        5
 Summon Mana Viper        Hex/Summ       0%         N/A       100%        5
 Dispersal                Tloc           0%         N/A       100%        6


Dungeon Overview and Level Annotations

Branches:
Dungeon (4/15)
 Temple: D:4-7

Altars:
Elyvilon

Shops:
D:3 (


Message History

There is a stone staircase leading down here.
A goblin comes into view. It is wielding a +0 dagger.
The goblin shouts!
You hit the goblin.
You kill the goblin!
You see here a +0 dagger.
The gnoll shouts!
The gnoll throws a stone.
The stone barely misses you.
You see here a jackal skeleton.
A gnoll is nearby!
A gnoll is nearby!
A gnoll is nearby!
The gnoll throws a stone.
The stone hits you. The gnoll misses you.
The gnoll hits you with a +0 halberd of venom.
You are poisoned.
You barely miss the gnoll.
You feel very sick.
The gnoll hits you with a +0 halberd of venom.
You are more poisoned.
You barely miss the gnoll.
You feel very sick. The gnoll barely misses you.
You barely miss the gnoll.
You feel sick. The gnoll hits you but does no damage.
You are more poisoned.
The gnoll hits you but does no damage.
You are more poisoned.
You hit the gnoll but do no damage.
You feel very sick.
The gnoll hits you with a +0 halberd of venom.
You closely miss the gnoll.
You feel very sick.
The gnoll hits you with a +0 halberd of venom!
* * * LOW HITPOINT WARNING * * *
You hit the gnoll but do no damage.
* * * LOW HITPOINT WARNING * * *
You feel very sick.
The gnoll hits you with a +0 halberd of venom.
You die...

....####......#####..............
.##.# #.#....# #.#.#.#.##.....
.##.# #.#....# #.#.#.#.#######
..#.# #.#....# #.....#.##.....
#.#.# #.##.#.# #.....#.##.####
#.#.####......#####.......##.#...
..................#.....####.#.##
...##.##.##.......##...#####.#.##
...............g@.###........#.##
.#..................÷#########.##
.#...........÷..........# #...
.#.....#.##.......##.##.# ####
..................##.# #
)......####.#####.##.. ######.#
#.# #.####. # #.# #.# #.# .. #
#.# ... #.. .#


You could see a gnoll.

Vanquished Creatures
  Sigmund (D:3)
  An iguana (D:2)
  Jessica (D:3)
  7 gnolls
  6 adders
  2 worms
  2 ball pythons (D:1)
  8 bats
  3 endoplasms
  7 giant cockroaches
  3 goblins
  3 hobgoblins
  2 jackals (D:3)
  4 quokkas
  5 frilled lizards
  6 kobolds
  8 rats
69 creatures vanquished.

Notes
Turn   | Place    | Note
-------+----------+-------------------------------------------
     0 | D:1      | Thatpatchoflichen the Hill Orc Gladiator began the quest
                  | for the Orb.
     0 | D:1      | Reached XP level 1. HP: 18/18 MP: 1/1
    78 | D:1      | Reached XP level 2. HP: 20/25 MP: 2/2
   237 | D:1      | Reached skill level 1 in Armour
   368 | D:1      | Got the Disquisition on Congregated Elsewhere
   398 | D:2      | Reached XP level 3. HP: 28/31 MP: 3/3
   934 | D:1      | Found a faded altar of an unknown god.
  1133 | D:3      | Noticed Sigmund
  1217 | D:2      | Reached XP level 4. HP: 8/38 MP: 4/4
  1661 | D:2      | Identified the +3 mace "Pelaux" {vorpal, MP+9}
  2091 | D:2      | Reached skill level 5 in Axes
  2091 | D:2      | Reached XP level 5. HP: 46/46 MP: 5/5
  2383 | D:3      | Noticed Jessica
  2390 | D:3      | Killed Jessica
  2742 | D:3      | Killed Sigmund
  2743 | D:3      | Reached XP level 6. HP: 53/53 MP: 6/6
  2910 | D:3      | Found a white marble altar of Elyvilon.
  2933 | D:3      | Paralysed by a gnoll for 3 turns
  2938 | D:3      | Paralysed by a gnoll for 2 turns
  3056 | D:3      | Found Gipastah's Weapon Shop.
  3301 | D:3      | Slain by a gnoll

Illustrated notes

Levels and vault maps discovered:
D:1:      minmay_arrival_glassed_features, layout_basic,
          ebering_ecumenical_altar_abandoned, minmay_pentomino_s2
D:2:      layout_loops_cross
D:3:      layout_loops_cross, mainiacjoe_overflow_alcove_4, serial_shops,
          nicolae_shop_bloodbath_and_beyond, uniq_jessica, uniq_sigmund
D:4:      layout_basic, kennysheep_slug_shrine, serial_bayou_pond_a

Skill      XL: |  1  2  3  4  5 |
---------------+----------------+-----
Armour         | 1 2 4 |  4.1
Fighting       | 3 4 |  4.4
Dodging        | 3 |  3.5
Axes           | 5 |  5.7
Throwing       | |  1.7

Action                   |  1- 3 |  4- 6 || total
-------------------------+-------+-------++-------
Melee: War axe           |    97 |   146 ||   243
       Punch             |     2 |     2 ||     4
Armor: Leather armour    |    38 |       ||    38
       Chain mail        |     4 |    98 ||   102
Dodge: Dodged            |    74 |    87 ||   161
